 Dungeon Crawl Stone Soup version 0.22.1-1-ga44c0e56f4 (webtiles) character file.

557 Gargoyl the Skirmisher (level 7, -2/59 HPs)
             Began as a Centaur Abyssal Knight on Oct 6, 2018.
             Was a Believer of Lugonu.
             Slain by a hornet (8 damage)
             ... on level 4 of the Dungeon.
             The game lasted 00:08:59 (5273 turns).

Gargoyl the Skirmisher (Centaur Abyssal Knight)     Turns: 5273, Time: 00:08:59

Health: -2/59      AC:  7    Str: 22    XL:     7   Next: 9%
Magic:  9/9        EV:  7    Int: 11    God:    Lugonu [**....]
Gold:   157        SH:  3    Dex: 11    Spells: 6/6 levels left

rFire    + . .     SeeInvis .   a - +2 hand axe
rCold    x . .     Gourm    .   p - +0 buckler
rNeg     . . .     Faith    .   b - +0 scale mail {rPois}
rPois    +         Spirit   .   (no helmet)
rElec    .         Reflect  .   (no cloak)
rCorr    .         Harm     .   (no gloves)
MR       .....                  (no barding)
Stlth    ..........             (no amulet)
HPRegen  0.19/turn              f - +3 ring of strength
MPRegen  0.11/turn              m - ring of fire

@: mighty, lethally poisoned (-2 -> -5), very quick
A: large, hooves 3, deformed body, speed 2, tough skin 3
a: Depart the Abyss, Bend Space, Renounce Religion


You were on level 4 of the Dungeon.
You worshipped Lugonu.
Lugonu was pleased with you.
You were near starving.

You visited 1 branch of the dungeon, and saw 4 of its levels.
You visited the Abyss 1 time.

You collected 157 gold pieces.

Inventory:

Hand Weapons
 a - a +2 hand axe (weapon)
Missiles
 j - 3 tomahawks (quivered)
Armour
 b - a +0 scale mail of poison resistance (worn)
 p - a +0 buckler (worn)
Jewellery
 f - a +3 ring of strength (left hand)
 m - a ring of fire (right hand)
Wands
 k - a wand of random effects (24)
 n - a wand of polymorph (11)
 q - a wand of scattershot (6)
Scrolls
 g - 2 scrolls of identify
 h - 4 scrolls of remove curse
 o - a scroll of fear
Potions
 e - 2 potions of lignification {unknown}
 i - a potion of might
 l - a potion of brilliance {unknown}
Comestibles
 c - 11 rations


   Skills:
 + Level 4.0 Fighting
 + Level 3.9 Axes
 * Level 3.7 Armour
 + Level 1.3 Dodging
 * Level 3.7 Invocations


You had 6 spell levels left.
You didn't know any spells.
Your spell library was empty.

Dungeon Overview and Level Annotations

Branches:
Dungeon (4/15)
 Temple: D:4-7

Altars:
Makhleb
Uskayaw

Annotations:
D:4 1 runed door, Pikel


Innate Abilities, Weirdness & Mutations

You have hooves in place of feet.
Armour fits poorly on your strangely shaped body.
You cover ground very quickly.
You have extremely tough skin. (AC +3)


Message History

Unknown command.
You miss the hornet. Your kick misses the hornet.
The hornet is lightly wounded.
You feel sick. The hornet stings you!
* * * LOW HITPOINT WARNING * * *
Okay, then.
It was a potion of might.
You feel very mighty all of a sudden.
You feel sick. You block the hornet's attack. x2
You slash the hornet! Your kick misses the hornet.
The hornet is moderately wounded.
You slash the orc!
You kill the orc!
Lugonu accepts your kill.
The hornet stings you but does no damage. x2
Unknown command.
You slash the hornet! You kick the hornet.
The hornet is severely wounded.
You feel sick. The hornet stings you!
You die...

**,,,***,,.###............
*,,,,,,,.8............(...
******,,,,***...###....###.....
**,,,,,,,,**,+#.#+,##...#######'
*,,......**,,,#.#,,,##..........
*,,......#,,,##.##,,,#..........
*,,,.....#,,##...##,,#..........
**,,*#...####..y).####.#######..
***##.........@.......###..##..
#..)..............).........
#.............>†............
#...........................
####'################...##..
#.....###...####.#########..
#.....#......#..........##..
##....#......#..........####
#.....#......#...÷..........


You could see a hornet.

Vanquished Creatures
  A sky beast (D:3)
  A crimson imp (D:4)
  2 hounds
  An orc priest (D:4)
  Jessica (D:3)
  3 worker ants
  A hound zombie (D:2)
  7 adders
  An ooze (D:4)
  An adder skeleton (D:4)
  2 worms (D:2)
  A dart slug (D:3)
  3 leopard geckos
  13 orcs
  7 bats (D:1)
  3 giant cockroaches (D:3)
  6 goblins
  9 hobgoblins
  12 jackals
  4 quokkas
  7 frilled lizards
  9 kobolds
  2 quokka skeletons (D:4)
  5 rats
102 creatures vanquished.

Vanquished Creatures (others)
  A scorpion (D:4)
1 creature vanquished.

Grand Total: 103 creatures vanquished

Notes
Turn   | Place    | Note
-------+----------+-------------------------------------------
     0 | Abyss:1  | Gargoyl the Centaur Abyssal Knight began the quest for the
                  | Orb.
     0 | Abyss:1  | Reached XP level 1. HP: 19/19 MP: 2/2
     9 | Abyss:1  | Found a shadowy altar of Dithmenos.
   151 | Abyss:2  | Noticed a thrashing horror
   184 | Abyss:2  | Noticed a thrashing horror
   186 | Abyss:2  | Noticed a wretched star
   188 | D:1      | Escaped the Abyss
   290 | D:1      | Reached XP level 2. HP: 20/26 MP: 3/3
   290 | D:1      | Reached * piety under Lugonu
   607 | D:1      | Reached XP level 3. HP: 25/31 MP: 4/4
  1113 | D:2      | Reached ** piety under Lugonu
  1487 | D:2      | Reached XP level 4. HP: 35/38 MP: 5/5
  2000 | D:3      | Noticed a dagger
  2001 | D:3      | Noticed an enchanted hand axe
  2163 | D:3      | Found a hide-covered altar of Uskayaw.
  2414 | D:3      | Noticed a sky beast
  2432 | D:3      | Killed a sky beast
  2432 | D:3      | Reached skill level 1 in Dodging
  2432 | D:3      | Reached XP level 5. HP: 16/46 MP: 7/7
  3011 | D:3      | Noticed Jessica
  3019 | D:3      | Killed Jessica
  3473 | D:4      | Found a runed door.
  3502 | D:4      | Reached *** piety under Lugonu
  3523 | D:4      | Reached XP level 6. HP: 48/52 MP: 8/8
  3748 | D:4      | Noticed a slave
  3750 | D:4      | Noticed a slave
  3752 | D:4      | Noticed a slave
  3754 | D:4      | Noticed Pikel
  3797 | D:4      | Noticed a slave
  4714 | D:4      | Found a burning altar of Makhleb.
  4747 | D:4      | Reached skill level 4 in Fighting
  4775 | D:4      | Reached XP level 7. HP: 2/59 MP: 7/9
  5259 | D:4      | Noticed a hornet
  5265 | D:4      | Paralysed by a hornet for 3 turns
  5273 | D:4      | Slain by a hornet

Skill      XL: |  1  2  3  4  5  6 |
---------------+-------------------+-----
Axes           | 2 3 |  3.9
Armour         | 2 3 |  3.7
Dodging        | 1 |  1.3
Invocations    | 3 |  3.7
Fighting       | 4 |  4.0

Action                   |  1- 3 |  4- 6 |  7- 9 || total
-------------------------+-------+-------+-------++-------
Melee: Hand axe          |    82 |   246 |    26 ||   354
       Kick              |    17 |    40 |     7 ||    64
Invok: Depart the Abyss  |     1 |       |       ||     1
       Bend Space        |       |     1 |       ||     1
       Banish            |       |       |     1 ||     1
  Use: Scroll            |     4 |     4 |     1 ||     9
       Potion            |     1 |     4 |     1 ||     6
  Eat: Chunk             |     1 |     6 |       ||     7
       Ration            |       |     1 |       ||     1
Armor: Scale mail        |    41 |   144 |    14 ||   199
Dodge: Dodged            |    48 |   101 |     8 ||   157
Block: Buckler           |       |       |     2 ||     2
